 Dungeon Crawl Stone Soup version 0.23.1 (webtiles) character file.

Game seed: 8575086860133397802

422 Borgoz the Sneak (level 6, -4/47 (48) HPs)
             Began as a Ghoul Enchanter on Mar 2, 2019.
             Slain by a gnoll
             ... wielding a +0 spear
              (6 damage)
             ... on level 3 of the Dungeon.
             The game lasted 00:10:01 (5481 turns).

Borgoz the Sneak (Ghoul Enchanter)                  Turns: 5481, Time: 00:10:02

HP:   -4/47 (48)    AC:  5    Str: 12    XL:     6   Next: 95%
MP:   8/8           EV: 11    Int: 10    God:
Gold: 183           SH:  0    Dex: 11    Spells: 7/10 levels left

rFire    . . .     SeeInvis .   a - +1 dagger
rCold    + . .     Gourm    .   (no shield)
rNeg     + + +     Faith    .   m - +0 ring mail
rPois    ∞         Spirit   .   (no helmet)
rElec    .         Reflect  .   (no cloak)
rCorr    .         Harm     .   (no gloves)
MR       .....                  (no boots)
Stlth    ++........             (no amulet)
HPRegen  0.00/turn              (no ring)
MPRegen  0.11/turn              (no ring)

@: rotting
A: rotting body, claws 1, carnivore, cold resistance 1, negative energy
resistance 3, inhibited regeneration, torment resistance, unbreathing
a: no special abilities


You were on level 3 of the Dungeon.
You were not hungry.

You visited 1 branch of the dungeon, and saw 4 of its levels.

You collected 183 gold pieces.

Inventory:

Hand Weapons
 a - a +1 dagger (weapon)
 b - a +0 blowgun
Missiles
 c - 9 poisoned needles
 f - 8 curare-tipped needles
 p - 5 tomahawks (quivered)
Armour
 e - a +1 chain mail of fire resistance
 m - a +0 ring mail (worn)
Wands
 k - a wand of acid (10)
Scrolls
 h - 2 scrolls of remove curse
 i - a scroll of teleportation
 l - a scroll of enchant armour
 n - a scroll of identify
Potions
 j - a potion of magic
 o - a potion of cancellation
Comestibles
 d - 8 rations


   Skills:
 + Level 2.1 Fighting
 * Level 2.8 Short Blades
 + Level 0.9 Throwing
 + Level 1.7 Armour
 + Level 2.7 Dodging
 + Level 4.2 Stealth
 + Level 2.5 Spellcasting
 * Level 3.5 Hexes


You had 7 spell levels left.
You knew the following spells:

 Your Spells              Type           Power        Failure   Level  Hunger
a - Corona                Hex            #......      16%         1    ##.....
b - Ensorcelled Hibernat  Hex/Ice        #.....       43%         2    ###....

Your spell library contained the following spells:

 Spells                   Type           Power        Failure   Level  Hunger
 Confuse                  Hex            #.......     41%         3    ####...
 Tukima's Dance           Hex            #.......     41%         3    ####...
 Dazzling Spray           Conj/Hex       #.....       67%         3    ####...


Dungeon Overview and Level Annotations

Branches:
Dungeon (4/15)
 Temple: D:4-7

Altars:
Zin

Annotations:
D:4 Sigmund


Innate Abilities, Weirdness & Mutations

Your body is rotting away.
You thrive on raw meat.
You are immune to poison.
You have sharp fingernails.
You are carnivorous and can eat meat at any time.
Your flesh is cold resistant. (rC+)
You are immune to negative energy. (rN+++)
You do not regenerate when monsters are visible.
You are immune to unholy pain and torment.
You can survive without breathing.


Message History

The gnoll hits you with a +0 spear!
* * * LOW HITPOINT WARNING * * *
You barely miss the gnoll.
The gnoll is heavily wounded.
You hit the gnoll but do no damage.
The gnoll is heavily wounded.
The gnoll hits you with a +0 spear.
* * * LOW HITPOINT WARNING * * *
You hit the gnoll.
The gnoll is heavily wounded.
The gnoll hits you but does no damage.
Okay, then.
You hit the gnoll but do no damage.
The gnoll is heavily wounded.
The gnoll hits you with a +0 spear.
* * * LOW HITPOINT WARNING * * *
You hit the gnoll but do no damage.
The gnoll is heavily wounded.
The gnoll hits you with a +0 spear.
You die...

.......##.# #.....#
.#.#...##.# #.###.#
.<.o....#.# #.# #.#
####...##.####.###.#
#...g......)[<#.#
##.########.#.#.#
#o# #.#.#.# ##'##
#.....# ##...##
###@### ##.....##
###g# ##.......#
#...#
#..o......####.#.###
'.........'....#...#
#.........##.##.#..#
##.......###...#...#
.........#####..(.##
########..# #....#


You could see a gnoll.

Vanquished Creatures
  A scorpion (D:4)
  An orc wizard (D:2)
  An orc priest (D:2)
  Terence (D:2)
  3 worker ants (D:3)
  4 gnolls
  8 adders
  2 oozes
  2 worms (D:2)
  11 orcs
  8 hobgoblins
  9 jackals
  10 kobolds
  4 quokkas
  2 ball pythons (D:3)
  7 bats
  2 frilled lizards (D:1)
  8 goblins
  5 rats
89 creatures vanquished.

Notes
Turn   | Place    | Note
-------+----------+-------------------------------------------
     0 | D:1      | Borgoz the Ghoul Enchanter began the quest for the Orb.
     0 | D:1      | Reached XP level 1. HP: 14/14 MP: 2/2
    94 | D:1      | Reached skill level 1 in Short Blades
   150 | D:1      | Reached XP level 2. HP: 13/19 MP: 3/3
   181 | D:1      | Learned a level 2 spell: Ensorcelled Hibernation
   689 | D:1      | Reached XP level 3. HP: 20/27 MP: 4/4
   794 | D:1      | Reached skill level 1 in Fighting
  1339 | D:2      | Reached XP level 4. HP: 24/35 MP: 6/6
  1515 | D:2      | Reached skill level 1 in Armour
  1560 | D:2      | Noticed Terence
  1626 | D:2      | HP: 1/35 [Terence/+0 flail (7)]
  1691 | D:2      | HP: 1/35 [Terence/+0 flail (1)]
  1697 | D:2      | Killed Terence
  2056 | D:2      | Reached XP level 5. HP: 38/40 MP: 7/7
  2138 | D:2      | Noticed an angel
  2139 | D:2      | Found a glowing silver altar of Zin.
  3141 | D:3      | Reached skill level 4 in Stealth
  3327 | D:2      | Reached XP level 6. HP: 31/48 MP: 8/8
  4288 | D:4      | Noticed Sigmund
  5190 | D:3      | HP: 1/48 [gnoll/+0 spear (2)]
  5480 | D:3      | HP: 2/47 [gnoll/+0 spear (3)]
  5481 | D:3      | Slain by a gnoll

Skill      XL: |  1  2  3  4  5  6 |
---------------+-------------------+-----
Short Blades   | 1 2 |  2.8
Dodging        | 2 |  2.7
Spellcasting   | 2 |  2.5
Fighting       | 1 2 |  2.1
Armour         | 1 |  1.7
Hexes          | 3 |  3.5
Stealth        | 4 |  4.2
Throwing       | |  0.9

Action                   |  1- 3 |  4- 6 || total
-------------------------+-------+-------++-------
Melee: Dagger            |   216 |   620 ||   836
 Fire: Blowgun           |       |     2 ||     2
Throw: Tomahawk          |       |     1 ||     1
  Use: Scroll            |     1 |     4 ||     5
       Potion            |       |     3 ||     3
  Eat: Chunk             |     9 |    29 ||    38
Armor: Chain mail        |   156 |   293 ||   449
       Ring mail         |       |     8 ||     8
Dodge: Dodged            |    75 |   171 ||   246
